 Dungeon Sprint DCSS version 0.31-a0-851-g7ff8af7976 (webtiles) character file.

Game seed: 8328274065309899527

2895 GigaChad the Cleaver (level 10, -1/89 HPs) *EXPLORE*
             Began as a Formicid Fighter on Oct 3, 2023.
             Was a Follower of Jiyva.
             Slain by a demonic crawler (14 damage)
             ... in the Dungeon (Sprint I: "Red Sonja") on Oct 5, 2023.
             The game lasted 00:02:05 (319 turns).

GigaChad the Cleaver (Formicid Fighter)              Turns: 319, Time: 00:02:06

Health: -1/89      AC:  9    Str: 26    XL:     10   Next: 5%
Magic:  10/10      EV: 11    Int:  7    God:    Jiyva [*.....]
Gold:   178        SH:  7    Dex: 13    Spells: 9/9 levels left

rFire   . . .        a - +0 war axe
rCold   . . .        c - +0 buckler
rNeg    . . .        b - +0 scale mail
rPois   .            (helmet unavailable)
rElec   .            (no cloak)
rCorr   .            (no gloves)
SInv    +            (no boots)
Will    +....        (no amulet) Stlth
                     (no ring)
HPRegen 1.14/turn    (no ring)
MPRegen 0.37/turn

%: no passive effects
@: no status effects
A: permanent stasis, dig shafts and tunnels, antennae 3, four strong arms
a: Dig, Renounce Religion


You were in the Dungeon.
You worshipped Jiyva.
Jiyva was aware of your devotion.
You visited 1 branch You collected 178 gold pieces.

Inventory:

Hand Weapons
 a - a +0 war axe (weapon)
Armour
 b - a +0 scale mail (worn)
 c - a +0 buckler (worn)
Wands
 h - a wand of roots (4)
Potions
 d - a potion of might
 e - a potion of curing
 f - a potion of heal wounds
 g - 2 potions of magic


   Skills:
 + Level 12.2 Fighting
 + Level 12.9 Axes
 + Level 11.9 Armour
 + Level 3.7 Dodging
 + Level 0.3 Stealth
 + Level 12.7 Shields


You had 9 spell levels left.
You didn't know any spells.
Your spell library was empty.

Dungeon Overview and Level Annotations

Branches:
Dungeon (1/1)

Altars:
Cheibriados
Dithmenos
Elyvilon
Fedhas
Gozag
Hepliaklqana
Kikubaaqudgha
Makhleb
Nemelex Xobeh
Okawaru
Qazlal
Ru
Sif Muna
Trog
Uskayaw
Vehumet
Wu Jian
Xom
Yredelemnul
Zin
The Shining One
Jiyva
Lugonu

Shops:
D ([

Annotations:
D exclusion: oklob plant


Innate Abilities, Weirdness & Mutations

You cannot be hasted, slowed, berserked, paralysed or teleported.
You can dig through walls and to a lower floor.
You have a pair of large antennae on your head. (SInv)
Your four strong arms can wield two-handed weapons with a shield.


Message History

The demonic crawler barely misses you.
The demonic crawler hits you but does no damage. x2
A demonic crawler comes into view.
You hear a hideous shriek! x2
You barely miss the kobold demonologist.
The kobold demonologist is moderately wounded.
You hit the demonic crawler. The kobold demonologist misses you.
The demonic crawler hits you! x3
Unknown command.
You are too injured to fight recklessly!
You are too injured to fight recklessly!
Unknown command.
You are too injured to fight recklessly!
You are too injured to fight recklessly!
Unknown command.
You hit the demonic crawler but do no damage.
You slash the kobold demonologist!
You hear a hideous shriek!
The kobold demonologist closely misses you.
The demonic crawler hits you. The demonic crawler hits you!
* * * LOW HITPOINT WARNING * * *
The demonic crawler hits you!
* * * LOW HITPOINT WARNING * * *
You hear a hideous shriek!
Unknown command.
You slash the demonic crawler!
The demonic crawler is moderately wounded.
You slash the kobold demonologist!
You hear a hideous shriek!
The kobold demonologist closely misses you.
The demonic crawler closely misses you. You block the demonic crawler's attack.
The demonic crawler barely misses you.
Unknown command.
Unknown command.
You slash the demonic crawler!
The demonic crawler is moderately wounded.
You slash the kobold demonologist!
The demonic crawler hits you but does no damage.
The demonic crawler hits you!
You die...

######################
..').#..'..#__#.sKs..#
).#..').#..'....@#, {
####'#####'#__#### { {
###..#...#§####§§#### {
__####{.##§#~~G§§#..#
__{__##.#_..~G§§§§..#
G.∩...'G§.{#~~§§§#§§#
_G.__##_.#.##.#####.# {
_____###'#.#....###P..
########.####.###.###.#


You could see 2 demonic crawlers and a kobold demonologist.

Vanquished Creatures
  2 centaur warriors (D)
  Sonja (D)
  A deep troll (D)
  A kobold demonologist (D)
  A hornet (D)
  A slime creature (D)
  Sigmund (D)
  A yak (D)
  An ogre (D)
  Ijyb (D)
11 creatures vanquished.

Vanquished Creatures (others)
  A floating eye (D)
  7 necrophages (D)
  12 jellies (D)
  2 ballistomycete spores (D)
22 creatures vanquished.

Grand Total: 33 creatures vanquished

Notes
Turn   | Place    | Note
-------+----------+-------------------------------------------
     0 | D        | GigaChad the Formicid Fighter began the quest for the Orb.
     0 | D        | Reached XP level 1. HP: 18/18 MP: 1/1
     0 | D        | Entered explore mode.
     2 | D        | Noticed Ijyb
     8 | D        | Killed Ijyb
     9 | D        | Reached skill level 5 in Shields
     9 | D        | Reached XP level 2. HP: 16/26 MP: 2/2
     9 | D        | Reached XP level 3. HP: 19/31 MP: 3/3
    13 | D        | Noticed an ogre
    17 | D        | Slain by an ogre
                  | ... wielding a +0 giant club
                  | (25 damage)
    21 | D        | Killed an ogre
    22 | D        | Reached XP level 4. HP: 17/40 MP: 4/4
    22 | D        | Reached XP level 5. HP: 20/46 MP: 5/5
    25 | D        | Noticed Sigmund
    28 | D        | HP: 2/46 [Sigmund/+1 scythe of freezing (1)]
    30 | D        | Killed from afar by Sigmund (7 damage)
                  | ... with a magic dart
    31 | D        | Killed Sigmund
    32 | D        | Reached XP level 6. HP: 56/56 MP: 6/6
    59 | D        | Found a burning altar of Makhleb.
    59 | D        | Found a viscous altar of Jiyva.
    59 | D        | Found a shimmering altar of Xom.
    59 | D        | Found a corrupted altar of Lugonu.
    59 | D        | Noticed a slime creature
    66 | D        | Slain by a slime creature (14 damage)
    69 | D        | Killed a slime creature
    70 | D        | Reached skill level 1 in Dodging
    70 | D        | Reached XP level 7. HP: 63/63 MP: 7/7
    72 | D        | Became a worshipper of Jiyva Jiaguxt the Shapeless
    76 | D        | Found an ornate altar of the Wu Jian Council.
    76 | D        | Found a shimmering blue altar of Sif Muna.
    78 | D        | Found a radiant altar of Vehumet.
    82 | D        | Noticed a centaur warrior
    85 | D        | Noticed a centaur warrior
    88 | D        | Found Ympuh's Antique Weapon Emporium.
    88 | D        | Found an ancient bone altar of Kikubaaqudgha.
    88 | D        | Found a hazy altar of Hepliaklqana.
    88 | D        | Found a stormy altar of Qazlal.
    88 | D        | Found a hide-covered altar of Uskayaw.
    88 | D        | Found a blossoming altar of Fedhas.
    88 | D        | Found a bloodstained altar of Trog.
    88 | D        | Found an iron altar of Okawaru.
    88 | D        | Found a basalt altar of Yredelemnul.
    88 | D        | Found a glowing golden altar of the Shining One.
    88 | D        | Found a snail-covered altar of Cheibriados.
    88 | D        | Found a sacrificial altar of Ru.
    88 | D        | Found a glowing silver altar of Zin.
    88 | D        | Found a shadowy altar of Dithmenos.
    88 | D        | Found a white marble altar of Elyvilon.
    88 | D        | Noticed a yak
    96 | D        | Shot with an arrow by a centaur warrior (16 damage)
    98 | D        | Killed a yak
    99 | D        | Found an opulent altar of Gozag.
   100 | D        | Found a sparkling altar of Nemelex Xobeh.
   102 | D        | Slain by a centaur warrior (9 damage)
   108 | D        | Killed a centaur warrior
   109 | D        | Reached skill level 10 in Fighting
   109 | D        | Reached skill level 10 in Shields
   109 | D        | Reached XP level 8. HP: 19/72 MP: 8/8
   114 | D        | Slain by a centaur warrior (8 damage)
   122 | D        | Killed a centaur warrior
   123 | D        | Reached skill level 10 in Axes
   123 | D        | Reached skill level 10 in Armour
   124 | D        | Noticed Sonja
   126 | D        | Noticed a deep troll
   126 | D        | Noticed a shining eye
   126 | D        | Noticed a shining eye
   127 | D        | Reached * piety under Jiyva
   131 | D        | Killed Sonja
   132 | D        | Reached XP level 9. HP: 6/81 MP: 9/9
   132 | D        | HP: 2/81 [poisoned by Sonja]
   132 | D        | Mangled by a deep troll (10 damage)
   136 | D        | Noticed a shining eye
   139 | D        | Killed a deep troll
   140 | D        | Noticed a shining eye
   141 | D        | Noticed a shining eye
   142 | D        | Noticed a shining eye
   143 | D        | Noticed a shining eye
   185 | D        | Noticed a shining eye
   218 | D        | Found Ymie's Armour Emporium.
   232 | D        | Noticed a hornet
   237 | D        | Noticed an oklob plant
   249 | D        | Upgraded the game from 0.31-a0-846-gb3bcc0d938 to
                  | 0.31-a0-851-g7ff8af7976
   252 | D        | Slain by a hornet (14 damage)
   266 | D        | Slain by a hornet (14 damage)
   268 | D        | Killed a hornet
   303 | D        | Noticed a kobold demonologist
   309 | D        | Noticed a demonic crawler
   313 | D        | Killed a kobold demonologist
   313 | D        | Noticed a kobold demonologist
   314 | D        | Reached XP level 10. HP: 89/89 MP: 10/10
   315 | D        | Noticed a demonic crawler
   319 | D        | Slain by a demonic crawler

Illustrated notes

Levels and vault maps discovered:
D:        dungeon_sprint_1 [red_sonja_temple_1, red_sonja_temple_small_1]

Skill      XL: |  1  2  3  4  5  6  7  8  9 |
---------------+----------------------------+-----
Fighting       | 4 6 7 8 10 11 12 | 12.2
Armour         | 4 6 8 9 11 | 11.9
Shields        | 5 6 8 9 10 11 12 | 12.7
Axes           | 4 6 7 9 11 12 | 12.9
Dodging        | 1 2 3 |  3.7
Stealth        | |  0.3

Action                     |  1- 3 |  4- 6 |  7- 9 | 10-12 || total
---------------------------+-------+-------+-------+-------++-------
  Melee: War axe           |    12 |    14 |    72 |     6 ||   104
 Armour: Scale mail        |     6 |    12 |   102 |    13 ||   133
  Dodge: Dodged            |     5 |     3 |    49 |     6 ||    63
  Block: Buckler           |       |     1 |    43 |     1 ||    45

Table legend: (Time is in decaauts)
 A = Elapsed time spent in this place.
 B = Non-inter-level travel time spent in this place.
 C = Inter-level travel time spent in this place.
 D = Time resting spent in this place.
 E = Time spent auto-exploring this place.
 F = Levels seen in this place.
 G = Mean time per level.
                   A        B        C        D        E       F      G
               +--------+--------+--------+--------+--------+-----+--------+
         Total |    327 |    327 |      0 |      0 |     95 |   1 |  327.0 |
       Dungeon |    327 |    327 |      0 |      0 |     95 |   1 |  327.0 |
               +--------+--------+--------+--------+--------+-----+--------+

Top non-repeatable levels by time:
       D: 327 daAuts
